 Dungeon Crawl Stone Soup version 0.19.1-1-g22dce08 (webtiles) character file.

189770 ayyllmao the Peltast (level 17, -11/163 HPs)
             Began as a Minotaur Fighter on Dec 7, 2016.
             Was the Champion of Nemelex Xobeh.
             Mangled by a spark wasp (15 damage)
             ... on level 3 of the Spider Nest on Jan 17, 2017.
             The game lasted 02:13:37 (37893 turns).

ayyllmao the Peltast (Minotaur Fighter)            Turns: 37893, Time: 02:13:38

Health: -11/163    AC:  9    Str: 23    XL:     17   Next: 95%
Magic:  7/7        EV: 17    Int:  5    God:    Nemelex Xobeh [******]
Gold:   345        SH: 24    Dex: 15    Spells: 0 memorised, 16 levels left

rFire  . . .     SeeInvis +     A - +5 demon whip "Spellbinder" {antimagic, MR+}
rCold  + . .     Gourm    .     c - +6 plate armour "Rammus" {rPois}
rNeg   + + +     Faith    .     n - +1 large shield {rN+}
rPois  +         Spirit   .     (helmet restricted)
rElec  .         Reflect  .     H - +0 cloak
rCorr  .         Harm     .     I - +0 pair of gloves of the Pleiades {*Contam rC+ rN++ SInv}
MR     +++..                    s - +2 pair of boots {run}
Stlth  ..........               (no amulet)
                                E - ring of protection from magic
                                G - ring of Shaolin {EV+8}

@: lethally poisoned (-11 -> -19), corroded, quick
A: retaliatory headbutt, horns 2, deformed body
a: Triple Draw, Deal Four, Stack Five, Renounce Religion


You were on level 3 of the Spider Nest.
You worshipped Nemelex Xobeh.
Nemelex Xobeh was exalted by your worship.
You were near starving.

You visited 5 branches of the dungeon, and saw 30 of its levels.
You also visited: Labyrinth and Ice Cave.

You collected 2828 gold pieces.
You spent 2483 gold pieces at shops.

Inventory:

Hand Weapons
 A - the +5 demon whip "Spellbinder" (weapon) {antimagic, MR+}
   (You bought it in a shop on level 2 of the Orcish Mines)

   It reduces the magical energy of the wielder, and disrupts the spells and
   magical abilities of those hit.
   Natural abilities and divine invocations are not affected.
   It affects your resistance to hostile enchantments.
Armour
 c - the +6 plate armour "Rammus" (worn) {rPois}
   (You bought it in a shop on level 1 of the Elven Halls)

   It protects you from poison.
 n - a +1 large shield of positive energy (worn)
 s - a +2 pair of boots of running (worn)
 H - a +0 cloak (worn)
 I - the +0 pair of gloves of the Pleiades (worn) {*Contam rC+ rN++ SInv}
   (You found it in an ice cave)

   It protects you from cold.
   It greatly protects you from negative energy.
   It lets you see invisible.
   It causes magical contamination when unequipped.
Jewellery
 E - a ring of protection from magic (right hand)
 G - the ring of Shaolin (left hand) {EV+8}
   (You found it on level 5 of the Dungeon)

   [ring of evasion]

   It affects your evasion (+8).
Wands
 a - a wand of teleportation (5/9)
 Q - a wand of digging (10/24)
 Z - a wand of disintegration (18/24)
Scrolls
 e - 3 scrolls of identify
 i - 4 scrolls of recharging
 j - 13 scrolls of remove curse
 k - 3 scrolls of blinking
 t - 3 scrolls of fog
 v - 3 scrolls of fear
 x - 4 scrolls of magic mapping
 y - 11 scrolls of teleportation
 R - 2 scrolls of enchant weapon
 X - a scroll of enchant armour
Potions
 b - 3 potions of haste
 d - 6 potions of might
 g - 10 potions of curing
 l - a potion of mutation
 p - 6 potions of flight
 r - 4 potions of heal wounds
 w - 3 potions of lignification
 B - 2 potions of berserk rage
 C - 2 potions of resistance
 J - 2 potions of invisibility
 K - 3 potions of agility
 M - a potion of cancellation
Miscellaneous
 f - an ornate deck of summoning
 h - an ornate deck of summoning
 m - a plain deck of escape
 u - an ornate deck of escape {drawn: 2}
 z - a box of beasts
 D - a fan of gales
 N - a legendary deck of escape {drawn: 2}
 O - an ornate deck of summoning
 P - a plain deck of destruction
 T - an ornate deck of summoning {drawn: 1}
 U - a disc of storms
Comestibles
 o - 10 meat rations
 q - 32 fruits
 F - 3 royal jellies
 L - 12 bread rations
 V - a beef jerky
 Y - 10 slices of pizza


   Skills:
 + Level 18.0 Fighting
 - Level 18.1 Maces & Flails
 + Level 16.1 Armour
 + Level 4.5 Dodging
 + Level 20.7 Shields
 * Level 7.2 Invocations
 + Level 1.1 Evocations


You had 16 spell levels left.
You didn't know any spells.

Dungeon Overview and Level Annotations

Branches:
Dungeon (15/15)            Temple (0/1) D:4            Lair (6/6) D:8
 Shoals (0/4) Lair:3       Spider (4/4) Lair:4        Slime (0/5) Lair:5
    Orc (2/2) D:12            Elf (3/3) Orc:2        Vaults (0/5) D:13
 Depths (0/5) D:15

Altars:
Cheibriados
Gozag
Hepliaklqana
Kikubaaqudgha
Nemelex Xobeh
Okawaru
Qazlal
Ru
Trog
Yredelemnul
Zin

Shops:
D:11 *(!   Orc:2 *:(}   Elf:1 [??[[   Elf:2 ![?((   Elf:3 !


Innate Abilities, Weirdness & Mutations

You reflexively headbutt those who attack you in melee.
You have a pair of horns on your head.
Armour fits poorly on your strangely shaped body.


Message History

The wolf spider is lightly wounded.
You feel sick. The spark wasp stings you!!
* * * LOW HITPOINT WARNING * * *
The spark wasp shocks you!
* * * LOW HITPOINT WARNING * * *
You block the wolf spider's attack. The wolf spider completely misses you.
You are too injured to fight recklessly!
Unknown command.
You are too injured to fight recklessly!
Unknown command.
You are too injured to fight recklessly!
You are too injured to fight recklessly!
Unknown command.
Evoke which item? (* to show all) (? for menu, Esc to quit)
You draw a card...
It is the Shaft.
The wolf spider falls through a shaft!
You feel sick. You block the spark wasp's attack. The spark wasp stings you!!
* * * LOW HITPOINT WARNING * * *
The spark wasp shocks you!
You die...
Your body disappears without a glow.

..#
####..##..#####.....#..#..##
###
#...#....##.#..>....##...#
##
###....###.....#........##
.# #...#.#..#...##(.<....#.
## ##^.....#...[#..#....##.
.# ##.#.....[..#..#...^#.#
## ###..#.......##....... #
#...###.#########.... #
####..@.### ##..#
###.#..§y## #..##
##...##..## ##..#
##.......## #### #.......##
########).##...#
...#.#....^#..##
..........##### ..^.....#..#


You could see a spark wasp.

Vanquished Creatures
  Arachne (Spider:3)
  Jorgrun (Spider:4)
  The ghost of Lahna the Slayer, an adept MiBe of Trog (Spider:4)
  A deep elf master archer (Elf:3)
  Frances (D:12)
  Agnes (Spider:3)
  Roxanne (D:15)
  Donald (Spider:2)
  A deep elf sorcerer (Elf:2)
  3 ghost moths
  3 emperor scorpions
  3 entropy weavers
  3 spark wasps
  2 dire elephants (Lair:6)
  A minotaur (Lab)
  8 hydras
  4 vault guards (D:13)
  An anaconda (Lair:6)
  24 dancing weapons (Elf:2)
  A catoblepas (Lair:5)
  6 centaur warriors
  8 death yaks
  Urug (Lair:4)
  Nergalle (Lair:3)
  14 deep elf knights
  A glowing orange brain (D:15)
  3 unseen horrors
  26 deep elf archers
  The ghost of efeel the Destroyer, a novice OpCj of Vehumet (D:8)
  11 orb spiders
  2 orc knights
  3 hill giants
  4 ugly things (D:15)
  2 necromancers
  An orc sorcerer (D:13)
  48 deep elf magi
  24 wolf spiders
  A manticore (D:14)
  A shining eye (shapeshifter) (D:15)
  5 cyclopes
  3 black mambas (Lair:6)
  10 elephants (Lair:6)
  A moth of wrath (Spider:1)
  A siren (Lair:3)
  Maurice (D:9)
  3 gargoyles
  A torpor snail (Spider:2)
  4 ice statues (IceCv)
  Psyche (D:9)
  9 spiny frogs
  5 yaktaurs
  2 rime drakes
  8 ice devils
  12 demonic crawlers
  6 komodo dragons
  An efreet (D:11)
  21 jumping spiders
  4 trolls
  A harpy skeleton (D:15)
  3 blink frogs (Lair:6)
  4 hornets
  A two-headed ogre (D:9)
  10 slime creatures
  9 hippogriffs
  A meliai zombie (D:14)
  A tarantella (shapeshifter) (D:15)
  3 water elementals
  4 air elementals
  A human (D:7)
  20 tarantellas
  42 redbacks
  2 vampires
  2 basilisks
  A fire elemental (Elf:1)
  A hog (shapeshifter) (D:15)
  23 yaks
  4 wyverns
  4 hogs (D:7)
  7 vampire mosquitoes
  3 hungry ghosts
  A warg (Orc:1)
  A mottled dragon (D:15)
  A soldier ant (D:7)
  Edmund (D:6)
  A hell hound (shapeshifter) (D:14)
  10 water moccasins
  A soldier ant (shapeshifter) (D:15)
  8 porcupines
  5 sky beasts
  27 orc warriors
  An ice beast (shapeshifter) (D:15)
  3 ice beasts
  3 black bears
  3 eyes of draining
  2 necrophages
  6 phantoms
  6 boggarts (D:15)
  11 ogres
  16 centaurs
  8 wolves
  11 crocodiles
  3 big kobolds
  The ghost of sheala the Sneak, an amateur DEEn (D:3)
  14 bullfrogs
  3 earth elementals
  A wyvern zombie (D:15)
  7 scorpions
  13 killer bees
  14 wights
  5 electric eels
  4 howler monkeys
  10 crimson imps
  2 bullfrog zombies
  4 centaur zombies
  4 draconian simulacra (IceCv)
  11 hounds
  5 quasits
  Crazy Yiuf (D:5)
  13 orc priests
  5 bullfrog skeletons
  8 centaur skeletons
  3 jellies
  11 orc wizards
  4 iguanas
  3 polar bear simulacra (D:15)
  19 worker ants
  3 yak simulacra (D:15)
  2 troll simulacra (IceCv)
  4 wolf simulacra (D:15)
  2 centaur simulacra
  A hound zombie (D:5)
  2 hound skeletons
  5 worker ant zombies
  3 gnolls (D:2)
  A howler monkey skeleton (D:4)
  A naga simulacrum (IceCv)
  2 ogre simulacra (IceCv)
  A river rat (D:8)
  12 adders
  5 shadow imps
  2 worms (Orc:2)
  5 dart slugs
  3 leopard geckos
  80 orcs
  A ball python (D:4)
  6 bats
  11 giant cockroaches
  7 goblins
  7 hobgoblins
  9 jackals
  14 kobolds
  7 quokkas
  5 frilled lizards
  A leopard gecko skeleton (D:8)
  A leopard gecko zombie (D:5)
  13 rats
  A river rat simulacrum (D:15)
  A spectral orc (D:2)
  9 plants
986 creatures vanquished.

Vanquished Creatures (collateral kills)
  Louise (Spider:3)
  An entropy weaver (Spider:4)
  A dire elephant (Lair:6)
  A deep elf high priest (Elf:1)
  A hydra (Lair:6)
  Erolcha (D:9)
  A deep elf archer (Elf:1)
  A wizard (D:13)
  An orc knight (Orc:2)
  3 wolf spiders
  2 deep elf magi (Elf:2)
  3 oklob plants (Lair:5)
  An ice devil (IceCv)
  2 jumping spiders (Spider:3)
  2 blink frogs (Lair:6)
  2 redbacks
  A tarantella (Spider:4)
  6 orc warriors (Orc:2)
  2 ogres
  An orc priest (Orc:1)
  An orc wizard (Orc:1)
  3 orcs
38 creatures vanquished.

Vanquished Creatures (others)
  An eldritch tentacle (Elf:1)
  3 deep elf magi (Elf:2)
  A redback (Spider:4)
  3 centaurs (Orc:2)
  5 ball lightnings
  7 fungi
  11 plants
  A withered plant (D:8)
32 creatures vanquished.

Grand Total: 1056 creatures vanquished

Notes
Turn   | Place    | Note
-------+----------+-------------------------------------------
     0 | D:1      | ayyllmao the Minotaur Fighter began the quest for the Orb.
     0 | D:1      | Reached XP level 1. HP: 19/19 MP: 0/0
    77 | D:1      | Reached XP level 2. HP: 27/27 MP: 1/1
   344 | D:1      | Reached skill level 4 in Shields
   376 | D:1      | Reached XP level 3. HP: 27/33 MP: 2/2
   841 | D:2      | Reached XP level 4. HP: 16/41 MP: 3/3
   947 | D:2      | Found a basalt altar of Yredelemnul.
  1259 | D:2      | Found a snail-covered altar of Cheibriados.
  1260 | D:2      | Found an opulent altar of Gozag.
  1386 | D:3      | Noticed sheala's ghost (amateur DEEn)
  1398 | D:3      | Killed sheala's ghost
  1398 | D:3      | Reached XP level 5. HP: 36/47 MP: 4/4
  1404 | D:3      | Found a snail-covered altar of Cheibriados.
  1405 | D:3      | Reached skill level 5 in Maces & Flails
  1502 | D:3      | Found an ancient bone altar of Kikubaaqudgha.
  1735 | D:3      | Reached skill level 1 in Dodging
  1846 | D:4      | Noticed an ogre
  1910 | D:3      | HP: 2/47 [ogre/giant club (11)]
  2315 | D:4      | Reached XP level 6. HP: 49/53 MP: 5/5
  2410 | D:4      | Found a glowing silver altar of Zin.
  2410 | D:4      | Noticed an angel
  2422 | D:4      | Found a staircase to the Ecumenical Temple.
  2513 | D:4      | Found a sparkling altar of Nemelex Xobeh.
  2664 | D:4      | Became a worshipper of Nemelex Xobeh the Trickster
  2766 | D:4      | You fall through a shaft for 3 floors!
  2766 | D:7      | Received a gift from Nemelex Xobeh
  2858 | D:6      | Reached skill level 5 in Fighting
  2858 | D:6      | Reached XP level 7. HP: 46/61 MP: 6/6
  2866 | D:6      | Reached skill level 5 in Armour
  3298 | D:6      | Noticed Edmund
  3317 | D:6      | Killed Edmund
  3365 | D:5      | Entered Level 5 of the Dungeon
  3491 | D:5      | Reached XP level 8. HP: 61/69 MP: 7/7
  3541 | D:4      | Reached skill level 5 in Shields
  3817 | D:5      | Found a runed door.
  3895 | D:5      | Found a hazy altar of Hepliaklqana.
  4378 | D:5      | Found a bloodstained altar of Trog.
  4462 | D:5      | Noticed Crazy Yiuf
  4465 | D:5      | Killed Crazy Yiuf
  4707 | D:6      | Reached * piety under Nemelex Xobeh
  5030 | D:7      | Reached skill level 10 in Maces & Flails
  5079 | D:7      | Reached skill level 6 in Shields
  5080 | D:7      | Found a runed door.
  5096 | D:7      | Found a runed door.
  5111 | D:7      | Noticed a hippogriff
  5125 | D:7      | Killed a hippogriff
  5225 | D:7      | Reached XP level 9. HP: 74/75 MP: 8/8
  6289 | D:8      | Reached skill level 7 in Shields
  6311 | D:8      | Noticed efeel's ghost (novice OpCj)
  6327 | D:8      | Killed efeel's ghost
  6327 | D:8      | Reached XP level 10. HP: 62/84 MP: 9/9
  6363 | D:8      | You fall through a shaft for 2 floors!
  6363 | D:10     | Entered Level 10 of the Dungeon
  6363 | D:10     | Received a gift from Nemelex Xobeh
  6465 | D:10     | Noticed a hill giant
  6474 | D:10     | Killed a hill giant
  6526 | D:10     | Reached skill level 1 in Evocations
  6557 | D:10     | Noticed a hill giant
  6571 | D:10     | Killed a hill giant
  6630 | D:10     | Reached ** piety under Nemelex Xobeh
  7546 | D:9      | Received a gift from Nemelex Xobeh
  7751 | D:9      | Noticed Psyche
  7767 | D:9      | Killed Psyche
  7767 | D:9      | Reached skill level 8 in Shields
  7877 | D:8      | Found a staircase to the Lair.
  8020 | D:8      | Found a sacrificial altar of Ru.
  8026 | D:8      | Found a stormy altar of Qazlal.
  8127 | D:8      | Reached XP level 11. HP: 92/94 MP: 10/10
  8634 | D:9      | Noticed Maurice
  8649 | D:9      | Killed Maurice
  8781 | D:9      | Reached skill level 15 in Maces & Flails
  8883 | D:9      | Noticed Erolcha
  8893 | D:9      | Killed Erolcha
  9065 | D:10     | Received a gift from Nemelex Xobeh
  9290 | D:10     | Reached *** piety under Nemelex Xobeh
  9517 | D:11     | Received a gift from Nemelex Xobeh
  9584 | D:11     | Found Webu's Distillery.
  9587 | D:11     | Bought a potion of curing for 54 gold pieces
  9770 | D:11     | Found Jeom's Antique Weapon Shoppe.
  9982 | D:11     | Reached skill level 9 in Shields
 10046 | D:11     | Found Iguts's General Store.
 10054 | D:11     | Bought a scroll of noise for 11 gold pieces
 10445 | D:12     | Killed an unseen horror
 10564 | D:12     | Noticed a centaur warrior
 10577 | D:12     | Killed a centaur warrior
 10947 | D:12     | Found an iron altar of Okawaru.
 10968 | D:12     | Noticed Frances
 10990 | D:12     | Killed Frances
 10990 | D:12     | Reached XP level 12. HP: 68/106 MP: 11/11
 11005 | D:12     | Reached skill level 10 in Armour
 11141 | D:12     | Found a staircase to the Orcish Mines.
 11155 | D:12     | Reached skill level 10 in Shields
 11165 | D:12     | Reached skill level 10 in Fighting
 11331 | D:11     | Found an ancient bone altar of Kikubaaqudgha.
 11808 | D:13     | Noticed a centaur warrior
 11808 | D:13     | Received a gift from Nemelex Xobeh
 11819 | D:13     | Killed a centaur warrior
 11864 | D:13     | Noticed a vault guard
 12043 | D:13     | Reached **** piety under Nemelex Xobeh
 12065 | D:13     | Found a labyrinth entrance.
 12098 | Lab      | Entered a labyrinth
 12375 | Lab      | Received a gift from Nemelex Xobeh
 12391 | Lab      | Noticed a minotaur
 12414 | Lab      | Killed a minotaur
 12414 | Lab      | Reached skill level 11 in Shields
 12422 | Lab      | Identified the Disquisition on Shifting Augmentations
 12431 | Lab      | Identified the Catalogue of Augmentations
 13262 | D:13     | Killed a vault guard
 13514 | D:13     | Noticed a vault guard
 13529 | D:13     | Killed a vault guard
 13685 | D:13     | Found a gate to the Vaults.
 13685 | D:13     | Noticed a vault guard
 13685 | D:13     | Noticed a vault guard
 13704 | D:13     | Killed a vault guard
 13712 | D:13     | Killed a vault guard
 14246 | Lair:1   | Entered Level 1 of the Lair of Beasts
 14590 | Lair:1   | Received a gift from Nemelex Xobeh
 14840 | Lair:1   | Received a gift from Nemelex Xobeh
 15252 | Lair:1   | Reached XP level 13. HP: 116/116 MP: 12/12
 15464 | Lair:2   | Reached ***** piety under Nemelex Xobeh
 15650 | Lair:2   | Received a gift from Nemelex Xobeh
 15801 | Lair:2   | Received a gift from Nemelex Xobeh
 15903 | Lair:2   | Reached skill level 12 in Shields
 16349 | Lair:3   | Received a gift from Nemelex Xobeh
 16476 | Lair:3   | Noticed Nergalle
 16490 | Lair:3   | Killed Nergalle
 16535 | Lair:3   | Found a staircase to the Shoals.
 17452 | Lair:4   | Received a gift from Nemelex Xobeh
 17458 | Lair:4   | Found a hole to the Spider Nest.
 17739 | Lair:4   | Received a gift from Nemelex Xobeh
 17981 | Lair:4   | Noticed Urug
 18049 | Lair:4   | Killed Urug
 18073 | Lair:4   | Received a gift from Nemelex Xobeh
 18859 | Lair:5   | Found a frozen archway.
 19197 | IceCv    | Entered an ice cave
 19197 | IceCv    | Received a gift from Nemelex Xobeh
 20411 | IceCv    | Got a pair of distressingly furry gloves
 20425 | IceCv    | Identified the cursed +0 pair of gloves of the Pleiades {*Contam rC+ rN++ SInv} (You found it in an ice cave)
 20751 | Lair:5   | Reached skill level 1 in Invocations
 20993 | Lair:5   | Reached skill level 13 in Shields
 20993 | Lair:5   | Reached XP level 14. HP: 89/127 MP: 13/13
 21264 | Lair:5   | Received a gift from Nemelex Xobeh
 21563 | Lair:6   | Entered Level 6 of the Lair of Beasts
 21618 | Lair:5   | Found a staircase to the Slime Pits.
 21936 | Lair:5   | Upgraded the game from 0.19.1 to 0.19.1-1-g22dce08
 22003 | Lair:6   | Reached ****** piety under Nemelex Xobeh
 22484 | Lair:6   | Received a gift from Nemelex Xobeh
 23077 | Lair:6   | Reached skill level 14 in Shields
 23306 | Lair:6   | HP: 3/130 [dire elephant (14)]
 24395 | D:14     | Received a gift from Nemelex Xobeh
 24892 | D:15     | Entered Level 15 of the Dungeon
 25163 | D:15     | Received a gift from Nemelex Xobeh
 25181 | D:15     | Reached skill level 15 in Shields
 25316 | D:15     | Gained mutation: Armour fits poorly on your strangely shaped body. [mutagenic glow]
 25651 | D:15     | Reached XP level 15. HP: 130/139 MP: 15/15
 25765 | D:15     | Found a staircase to the Depths.
 26068 | D:15     | Received a gift from Nemelex Xobeh
 26213 | D:15     | Noticed Roxanne
 26585 | D:15     | Killed Roxanne
 26710 | Orc:1    | Entered Level 1 of the Orcish Mines
 26824 | D:11     | Bought a morningstar for 76 gold pieces
 27148 | Orc:2    | Entered Level 2 of the Orcish Mines
 27224 | Orc:2    | Received a gift from Nemelex Xobeh
 27295 | Orc:2    | Found a staircase to the Elven Halls.
 27517 | Orc:2    | Reached skill level 15 in Fighting
 27517 | Orc:2    | Reached skill level 16 in Shields
 28015 | Orc:2    | Found Fuxonn's Weapon Shoppe.
 28015 | Orc:2    | Found Dingu's Book Shop.
 28016 | Orc:2    | Received a gift from Nemelex Xobeh
 28017 | Orc:2    | Found Naretul's Assorted Antiques.
 28019 | Orc:2    | Found Qiureghi's Gadget Emporium.
 28030 | Orc:2    | Bought a potion of curing for 72 gold pieces
 28030 | Orc:2    | Bought a scroll of identify for 48 gold pieces
 28051 | Orc:2    | Bought the +5 demon whip "Spellbinder" {antimagic, MR+} for 1073 gold pieces
 29043 | Elf:1    | Entered Level 1 of the Elven Halls
 29096 | Elf:1    | Received a gift from Nemelex Xobeh
 29125 | Elf:1    | Found Fikupn's Antique Armour Emporium.
 29356 | Elf:1    | Bought a steaming plate armour for 728 gold pieces
 29367 | Elf:1    | Identified the +6 plate armour "Rammus" {rPois} (You bought it in a shop on level 1 of the Elven Halls)
 29369 | Elf:1    | Bought a pair of embroidered boots for 273 gold pieces
 29376 | Elf:1    | Identified a +2 pair of boots of running (You bought it in a shop on level 1 of the Elven Halls)
 29588 | Elf:1    | Killed an eldritch tentacle
 29758 | Elf:1    | Reached skill level 17 in Shields
 29804 | Elf:1    | Found Efrunt's Armour Shoppe.
 29805 | Elf:1    | Found Etuel's Antique Armour Shoppe.
 29805 | Elf:1    | Found Ingeliti's Magic Scroll Emporium.
 29826 | Elf:1    | Received a gift from Nemelex Xobeh
 29828 | Elf:1    | Found Plog's Magic Scroll Emporium.
 29944 | Elf:1    | Bought a scroll of identify for 22 gold pieces
 29944 | Elf:1    | Bought a scroll of identify for 22 gold pieces
 29948 | Elf:1    | Bought a scroll of identify for 22 gold pieces
 29948 | Elf:1    | Bought a scroll of identify for 22 gold pieces
 30346 | Elf:2    | Found a runed gate.
 30346 | Elf:2    | Found a runed gate.
 30346 | Elf:2    | Found a runed gate.
 30468 | Elf:2    | Reached XP level 16. HP: 135/151 MP: 5/17
 30567 | Elf:2    | Found Qewam's Magic Scroll Emporium.
 30587 | Elf:2    | Found Odghiz's Armour Emporium.
 30589 | Elf:2    | Found Wyxkilut's Antique Weapon Emporium.
 30717 | Elf:2    | Found Teacla's Distillery.
 31017 | Elf:2    | Bought a potion of heal wounds for 60 gold pieces
 31098 | Elf:2    | Reached skill level 18 in Shields
 31521 | Elf:2    | Found Plog's Antique Weapon Shop.
 31522 | Elf:2    | Received a gift from Nemelex Xobeh
 31907 | Elf:2    | Reached skill level 15 in Armour
 32567 | Elf:2    | Received a gift from Nemelex Xobeh
 32753 | Elf:3    | Entered Level 3 of the Elven Halls
 32824 | Elf:3    | Found Uniblaem's Distillery.
 32935 | Elf:3    | Noticed a deep elf master archer
 32936 | Elf:3    | Noticed a deep elf blademaster
 32936 | Elf:3    | Noticed a deep elf blademaster
 32967 | Elf:3    | Killed a deep elf master archer
 33083 | Elf:2    | Reached skill level 19 in Shields
 33739 | Spider:1 | Entered Level 1 of the Spider Nest
 33838 | Spider:1 | Received a gift from Nemelex Xobeh
 34286 | Spider:1 | Reached XP level 17. HP: 161/161 MP: 6/19
 34544 | Spider:2 | Reached skill level 5 in Invocations
 34735 | Spider:2 | Received a gift from Nemelex Xobeh
 34953 | Spider:2 | Received a gift from Nemelex Xobeh
 35694 | Spider:2 | Received a gift from Nemelex Xobeh
 35772 | Spider:3 | Noticed Louise
 35790 | Spider:3 | Killed Louise
 35841 | Spider:3 | Noticed Arachne
 35858 | Spider:3 | Killed Arachne
 35958 | Spider:3 | Noticed Agnes
 35972 | Spider:3 | Killed Agnes
 36229 | Spider:3 | Reached skill level 20 in Shields
 36607 | Spider:4 | Entered Level 4 of the Spider Nest
 36661 | Spider:4 | Noticed Jorgrun
 36662 | Spider:4 | Noticed Donald
 37002 | Spider:2 | Killed Donald
 37063 | Spider:4 | Killed Jorgrun
 37179 | Spider:4 | Noticed Lahna's ghost (adept MiBe)
 37275 | Spider:4 | Killed Lahna's ghost
 37893 | Spider:3 | HP: 4/163 [spark wasp (22)]
 37893 | Spider:3 | Mangled by a spark wasp

Skill      XL: |  1  2  3  4  5  6  7  8  9 10 11 12 13 14 15 16 17 |
---------------+----------------------------------------------------+-----
Fighting       | 4 5 6 7 9 11 12 14 15 17 18 | 18.0
Shields        | 4 6 7 8 9 11 13 15 17 19 20 | 20.7
Maces & Flails | 3 4 5 6 8 10 13 14 16 17 18 | 18.1
Armour         | 4 5 7 8 9 11 12 13 14 15 16 | 16.1
Dodging        | 1 2 3 4 |  4.5
Evocations     | 1 |  1.1
Invocations    | 1 2 4 7 |  7.2

Action                   |  1- 3 |  4- 6 |  7- 9 | 10-12 | 13-15 | 16-18 || total
-------------------------+-------+-------+-------+-------+-------+-------++-------
Melee: Flail             |    86 |   135 |   299 |   840 |  1334 |       ||  2694
       Headbutt          |    12 |    20 |    66 |   167 |   510 |   306 ||  1081
       Demon whip        |       |       |       |       |   319 |  1310 ||  1629
       Morningstar       |       |       |       |       |   176 |       ||   176
 Abil: Evoke Flight      |       |       |       |     1 |       |       ||     1
Evoke: Wand              |       |     6 |       |       |     1 |       ||     7
       Deck              |       |       |     1 |     5 |    41 |    19 ||    66
       Lamp of fire      |       |       |       |     1 |       |       ||     1
  Use: Scroll            |       |       |       |    18 |    12 |     5 ||    35
       Potion            |       |       |       |       |     3 |     1 ||     4
 Stab: Distracted        |       |       |       |       |     3 |     5 ||     8
       Confused          |       |       |       |       |     1 |     4 ||     5
       Paralysed         |       |       |       |       |       |     6 ||     6
       Petrifying        |       |       |       |       |       |     1 ||     1
  Eat: Chunk             |       |     6 |    11 |    26 |    38 |    22 ||   103
       Beef jerky        |       |       |       |     3 |     2 |       ||     5
       Meat ration       |       |       |       |       |     2 |       ||     2
Armor: Scale mail        |    29 |    21 |       |       |       |       ||    50
       Chain mail        |       |    27 |    75 |    34 |       |       ||   136
       Plate armour      |       |       |       |   158 |   348 |   282 ||   788
Dodge: Dodged            |    23 |    40 |   110 |   329 |   502 |   350 ||  1354
Block: Shield            |    55 |    56 |   119 |   367 |   335 |       ||   932
       Large shield      |       |       |       |       |   813 |  1036 ||  1849
